AoeStats
← rashbalash

Nomad

509799240Analyzed
4v4 RM · 5d ago on Sep 28, 2026· 62m 20s· 8 players
Game mode
Random Map
Map size
231×231
Population
200
Speed
Normal
Resources
Standard
Victory
Conquest
Starting age
Dark Age
Ending age
Imperial Age
RankedLock teamsTeams togetherTeam positionsShared explorationLock speedFull tech treeHidden civsTurbo modeCheats
Victory
Defeat
🇺🇸 Magyars · United States
1182
+13
🇲🇽 Lithuanians · Mexico
1164
+14
🇺🇸 Danes · United States
1155
+14
🇺🇸 Italians · United States
1079
+19
🇺🇸 Armenians · United States
1167
-17
🇺🇸 Malay · United States
1142
-16
🇺🇸 Persians · United States
1095
-14
🇺🇸 Goths · United States
1074
-13
King of Torts
6:54 Loom
13:08 Feudal Age
13:56 Fishing Lines
14:22 Double-Bit Axe
15:41 Wheelbarrow
17:15 Horse Collar
18:38 Stone Mining
18:39 Gold Mining
23:19 Castle Age
21:42 Scale Barding Armor
24:47 Bloodlines
24:37 Husbandry
25:03 Chain Barding Armor
25:03 Bow Saw
26:55 Heavy Plow
30:46 Corvinian Army
38:55 Imperial Age
40:41 Plate Barding Armor
40:06 Elite Magyar Huszar
43:55 Capped Ram
46:57 Hand Cart
46:27 Town Watch
47:30 Conscription
54:18 Cavalier
55:31 Fletching
55:42 Scale Mail Armor
55:49 Paladin
57:20 Hoardings
59:08 Town Patrol
MXTS | Robert Blond
3:29 Loom
3:40 Loom
13:53 Feudal Age
17:58 Castle Age
18:09 Bloodlines
19:12 Scale Barding Armor
19:58 Forging
31:21 Chain Barding Armor
30:58 Horse Collar
32:20 Iron Casting
31:35 Fletching
36:41 Imperial Age
38:03 Wheelbarrow
38:05 Plate Barding Armor
36:59 Cavalier
39:17 Bodkin Arrow
40:01 Conscription
39:08 Light Cavalry
39:48 Husbandry
40:54 Bracer
42:02 Heavy Plow
41:50 Double-Bit Axe
41:57 Town Watch
42:29 Hand Cart
49:47 Ballistics
50:27 Chemistry
49:49 Padded Archer Armor
49:52 Tower Shields
51:28 Leather Archer Armor
52:17 Thumb Ring
51:33 Crossbowman
51:35 Elite Skirmisher
53:15 Ring Archer Armor
The Man The Myth The Legend
3:54 Loom
13:28 Feudal Age
14:07 Fishing Lines
14:17 Double-Bit Axe
19:38 Castle Age
17:21 Horse Collar
17:51 Gold Mining
19:03 Man-at-Arms
19:51 Scale Mail Armor
20:11 Town Watch
20:52 Squires
20:37 Arson
21:17 Bow Saw
22:35 Fletching
22:56 Forging
23:46 Gold Shaft Mining
24:21 Chain Mail Armor
26:09 Wheelbarrow
26:31 Iron Casting
27:24 Heavy Plow
28:08 Stone Mining
31:14 Hand Cart
34:37 Imperial Age
33:18 Hamask
35:56 Plate Mail Armor
35:51 Elite Jomsviking
37:58 Blast Furnace
39:03 Conscription
46:01 Town Patrol
53:48 Bodkin Arrow
54:52 Hoardings
56:36 Masonry
56:32 Siege Engineers
56:48 Ballistics
56:29 Bracer
59:32 Chemistry
58:28 Murder Holes
58:21 Gambesons
LostinHUH
6:33 Loom
15:35 Feudal Age
20:17 Castle Age
25:25 Fletching
25:00 Crossbowman
29:58 Stone Mining
30:18 Gold Mining
33:02 Silk Road
38:43 Imperial Age
37:34 Bodkin Arrow
38:37 Murder Holes
39:22 Husbandry
40:48 Forging
40:44 Scale Barding Armor
Cthpoolu
5:38 Loom
13:54 Feudal Age
15:15 Double-Bit Axe
18:16 Castle Age
17:07 Stone Mining
18:57 Gold Mining
19:20 Bow Saw
22:57 Horse Collar
23:34 Fletching
26:19 Bodkin Arrow
26:44 Medium Warships
28:04 Heavy Plow
30:21 Wheelbarrow
34:27 Imperial Age
33:26 Hand Cart
33:41 Forging
33:31 Scale Mail Armor
33:01 Pikeman
34:37 Man-at-Arms
35:18 Squires
35:03 Gambesons
35:38 Long Swordsman
36:15 Two-Handed Swordsman
37:42 Ballistics
60:47 Chain Mail Armor
61:08 Iron Casting
rashbalash
5:21 Loom
15:09 Feudal Age
19:19 Wheelbarrow
21:26 Double-Bit Axe
23:51 Castle Age
24:48 Bow Saw
25:03 Squires
25:18 Forging
25:44 Scale Mail Armor
26:59 Horse Collar
30:09 Town Watch
30:46 Pikeman
33:56 Town Patrol
42:29 Chain Mail Armor
43:03 Heavy Plow
Streetlamp Le Moose
4:34 Loom
11:52 Feudal Age
12:22 Double-Bit Axe
15:38 Fletching
20:39 Castle Age
21:43 Wheelbarrow
20:54 Town Watch
21:21 Medium Warships
21:11 Bodkin Arrow
27:23 Hand Cart
27:44 Forging
27:40 Scale Barding Armor
32:11 Horse Collar
38:37 Bloodlines
38:28 Husbandry
39:08 Heavy Plow
45:19 Imperial Age
45:07 Cavalier
46:09 Conscription
47:44 Savar
52:26 Iron Casting
53:15 Chain Barding Armor
55:51 Plate Barding Armor
56:17 Blast Furnace
57:29 Light Cavalry
60:34 Hoardings
60:52 Padded Archer Armor
Milaad
16:44 Feudal Age
17:16 Gold Mining
17:12 Double-Bit Axe
22:09 Wheelbarrow
24:02 Castle Age
22:12 Stone Mining
23:47 Wheelbarrow
23:58 Bow Saw
25:02 Loom
26:02 Medium Warships
27:50 Wheelbarrow
27:31 Padded Archer Armor
27:22 Fletching
32:14 Imperial Age
30:40 Wheelbarrow
30:46 Forging
30:41 Scale Barding Armor
35:00 Horse Collar
36:09 Leather Archer Armor
35:49 Bodkin Arrow
35:55 Elite Skirmisher
37:31 Ring Archer Armor
39:16 Gold Shaft Mining
40:27 Iron Casting
40:29 Thumb Ring
40:27 Pikeman
41:08 Squires
40:53 Arson
42:38 Halberdier
52:40 Heavy Plow
Connection lost

Rejoining the realm…

Still unreachable

The connection could not be restored.

Session expired

The server has moved on; the page needs a fresh start.